 Dungeon Crawl Stone Soup version 0.25-a0-1079-g858b6a6ff6 (webtiles) character file.

Game seed: 8797983562960170634, levelgen mode: deterministic

74 Esekla the Magician (level 4, -20/27 HPs)
             Began as an Octopode Wizard on May 15, 2020.
             Demolished by an ogre
             ... wielding a +0 giant spiked club
              (35 damage)
             ... on level 6 of the Dungeon.
             The game lasted 00:11:08 (1507 turns).

Esekla the Magician (Octopode Wizard)               Turns: 1507, Time: 00:11:08

Health: -20/27     AC:  1    Str:  7    XL:     4   Next: 28%
Magic:  3/10       EV: 13    Int: 20    God:
Gold:   51         SH:  0    Dex: 10    Spells: 8/11 levels left

rFire    . . .     SeeInvis .   g - +0 falchion
rCold    . . .     Gourm    .   (no shield)
rNeg     . . .     Faith    +   a - +0 hat
rPois    .         Spirit   .   p - amulet of faith
rElec    .         Reflect  .   (no ring)
rCorr    .         Harm     .   (no ring)
MR       .....                  (no ring)
Stlth    +++.......             (no ring)
HPRegen  0.09/turn              (no ring)
MPRegen  0.12/turn              (no ring)
                                (no ring)
                                (no ring)

@: no status effects
A: almost no armour, stealthy swim, amphibious, 8 rings, constrict 8, camouflage
1, gelatinous body 1
a: no special abilities


You were on level 6 of the Dungeon.
You were not hungry.

You visited 1 branch of the dungeon, and saw 6 of its levels.

You collected 51 gold pieces.

Inventory:

Hand Weapons
 d - a +0 short sword
 g - a +0 falchion (weapon)
Missiles
 j - 4 javelins (quivered)
Armour
 a - a +0 hat (worn)
Jewellery
 p - an amulet of faith (around mantle)
Scrolls
 e - 2 scrolls of identify {unknown}
 h - 2 scrolls of immolation {unknown}
 i - a scroll of remove curse {unknown}
 m - a scroll of summoning {unknown}
Potions
 b - 2 potions of cancellation {unknown}
 f - a potion of haste {unknown}
 k - a potion of heal wounds {unknown}
 l - a potion of degeneration {unknown}
 n - a potion of might {unknown}
 o - a potion of experience {unknown}
Comestibles
 c - 5 rations


   Skills:
 * Level 0.6 Fighting
 + Level 0.9 Long Blades
 * Level 2.6 Dodging
 - Level 2.6 Stealth
 * Level 4.1 Spellcasting
 + Level 1.1 Conjurations
   Level 1.0 Summonings
 + Level 1.0 Translocations


You had 8 spell levels left.
You knew the following spells:

 Your Spells              Type           Power        Failure   Level  Hunger
a - Magic Dart            Conj           #...         9%          1    None
b - Blink                 Tloc           N/A          13%         2    #......

Your spell library contained the following spells:

 Spells                   Type           Power        Failure   Level  Hunger
 Call Imp                 Summ           #.......     13%         2    #......
 Slow                     Hex            #.......     19%         2    #......
 Conjure Flame            Conj/Fire      #.......     30%         3    ###....
 Mephitic Cloud           Conj/Pois/Air  #.......     32%         3    ###....


Dungeon Overview and Level Annotations

Branches:
Dungeon (6/15)
 Temple: D:4-7

Altars:


Innate Abilities, Weirdness & Mutations

You cannot wear most types of armour.
You are very stealthy in the water. (Stealth+)
You are amphibious.
You can wear up to eight rings at the same time.
You can use your tentacles to constrict eight enemies at once.
Your skin changes colour to match your surroundings (Stealth+).
Your rubbery body absorbs attacks. (AC +1, EV +1)


Message History

The worker ant is almost dead.
All of the chunks of flesh in your inventory have rotted away.
Casting: Magic Dart (safe; 9% risk of failure)
Confirm with . or Enter, or press ? or * to list all spells.
Aiming: Magic Dart (safe; 9% risk of failure)
Press: ? - help, Shift-Dir - straight line, f/p - worker ant
Aim: a worker ant (almost dead, constricted by you)
The magic dart hits the worker ant but does no damage.
The worker ant is almost dead.
You constrict the worker ant, but do no damage.
The worker ant closely misses you.
You riposte.
You hit the worker ant but do no damage.
You squeeze the worker ant.
You kill the worker ant!
You have reached level 4!
An ogre comes into view. It is wielding a +0 giant spiked club.
The ogre shouts!
The ogre hits you with a +0 giant spiked club!!
Ouch! That really hurt!
You die...

#.# #.# #.#
#.# #.# #.#
#####O####
##...#@...##
##...<......#
#............#
#............#
#............#
##..........##
##...##...##
##### ####


You could see an ogre.

Vanquished Creatures
  2 worker ants
  An adder (D:5)
  A leopard gecko (D:5)
  2 giant cockroaches
  3 goblins
  2 hobgoblins
  4 jackals (D:3)
  A frilled lizard (D:2)
  A kobold (D:2)
17 creatures vanquished.

Notes
Turn   | Place    | Note
-------+----------+-------------------------------------------
     0 | D:1      | Esekla the Octopode Wizard began the quest for the Orb.
     0 | D:1      | Reached XP level 1. HP: 11/11 MP: 4/4
   119 | D:2      | Noticed a jelly
   318 | D:3      | Reached XP level 2. HP: 10/17 MP: 6/6
   393 | D:3      | Learned a level 2 spell: Blink
   654 | D:5      | Entered Level 5 of the Dungeon
   783 | D:6      | Noticed an ice beast
   798 | D:5      | Reached XP level 3. HP: 17/22 MP: 6/8
  1256 | D:5      | Reached skill level 4 in Spellcasting
  1505 | D:6      | Reached XP level 4. HP: 14/27 MP: 3/10
  1506 | D:6      | Noticed an ogre
  1507 | D:6      | Demolished by an ogre

Illustrated notes

Levels and vault maps discovered:
D:1:      minmay_arrival_diagonal_passages, layout_basic, minmay_pentomino_q4
D:2:      layout_basic, overflow_temple_1_default, first_ration,
          nicolae_ru_sacrificial_ziggurat
D:3:      layout_basic, gammafunk_temple_overflow_claw, uniq_sigmund
D:4:      minmay_general_purpose_star, layout_basic, serial_shops,
          nicolae_shop_trees, shop_statue, shop_statue, shop, uniq_grinder,
          uniq_natasha
D:5:      layout_basic
D:6:      layout_rooms

Skill      XL: |  1  2  3 |
---------------+----------+-----
Spellcasting   | 4 |  4.1
Fighting       | |  0.6
Long Blades    | |  0.9
Dodging        | |  2.6
Stealth        | |  2.6
Conjurations   | |  1.1
Summonings     | |  1.0
Translocations | |  1.0

Action                   |  1- 3 |  4- 6 || total
-------------------------+-------+-------++-------
Melee: Short sword       |     6 |       ||     6
       Falchion          |    16 |       ||    16
       Constrict         |     9 |       ||     9
       Tentacles         |     5 |       ||     5
 Cast: Magic Dart        |    27 |       ||    27
 Stab: Sleeping          |     4 |       ||     4
  Eat: Chunk             |     2 |       ||     2
Armor: Skin              |     3 |       ||     3
Dodge: Dodged            |    30 |       ||    30
       Rpst.: Falchion   |     8 |       ||     8

Table legend:
 A = Non-vault XP
 B = Vault XP
 C = Vault XP percentage of total XP
 D = Non-vault monster count
 E = Vault monster count
 F = Vault count percentage of total count
                 A         B        C        D         E       F
            +---------+---------+-------+---------+---------+-------
      Total |     106 |       0 |   0.0 |      17 |       0 |   0.0
            +---------+---------+-------+---------+---------+-------
        D:1 |       4 |       0 |   0.0 |       2 |       0 |   0.0
        D:2 |       4 |       0 |   0.0 |       3 |       0 |   0.0
        D:3 |      15 |       0 |   0.0 |       8 |       0 |   0.0
        D:5 |      49 |       0 |   0.0 |       3 |       0 |   0.0
        D:6 |      34 |       0 |   0.0 |       1 |       0 |   0.0
            +---------+---------+-------+---------+---------+-------
